 Dungeon Crawl Stone Soup version 0.21.1-1-g345015fe64 (webtiles) character file.

3535 Kohma the Archer (level 9, -3/74 HPs)
             Began as a Centaur Hunter on June 22, 2018.
             Was an Initiate of Okawaru.
             Slain by Naru's ghost (8 damage)
             ... on level 9 of the Dungeon.
             The game lasted 00:33:28 (9644 turns).

Kohma the Archer (Centaur Hunter)                   Turns: 9644, Time: 00:33:28

Health: -3/74      AC: 10    Str: 16    XL:     9   Next: 82%
Magic:  9/9        EV:  9    Int: 10    God:    Okawaru [......]
Gold:   350        SH:  3    Dex: 15    Spells: 8/8 levels left

rFire    . . .     SeeInvis .   b - +2 trident (venom)
rCold    . . .     Gourm    .   (no shield)
rNeg     . . .     Faith    .   I - +3 leather armour
rPois    .         Spirit   .   L - +2 hat
rElec    .         Reflect  +   (no cloak)
rCorr    .         Harm     .   (no gloves)
MR       .....                  (no barding)
Stlth    ++........             y - +3 amulet of reflection
HPRegen  0.22/turn              t - +3 ring of dexterity
MPRegen  0.11/turn              u - ring of stealth

@: drained, very quick
A: large, hooves 3, deformed body, speed 2, tough skin 3
a: Renounce Religion


You were on level 9 of the Dungeon.
You worshipped Okawaru.
Okawaru was noncommittal.
You were not hungry.

You visited 2 branches of the dungeon, and saw 10 of its levels.
You also visited: Sewer.

You collected 495 gold pieces.
You spent 145 gold pieces at shops.

Inventory:

Hand Weapons
 a - a +2 shortbow
 b - a +2 trident of venom (weapon)
 p - a +2 spear of venom
 x - a +1 short sword of freezing
 B - a cursed -2 dagger
 D - a +2 dagger of holy wrath
 H - a +2 rapier of electrocution
Missiles
 e - 11 arrows
 C - 46 bolts
Armour
 I - a +3 leather armour (worn)
 K - a +1 robe of magic resistance
 L - a +2 hat (worn)
Magical Staves
 P - an uncursed staff of poison {unknown}
Jewellery
 t - a +3 ring of dexterity (left hand)
 u - a ring of stealth (right hand)
 y - a +3 amulet of reflection (around neck)
 N - an uncursed ring of protection from fire {unknown}
Wands
 c - a wand of scattershot (7)
 h - a wand of clouds (4)
 w - a wand of random effects (18)
 G - a wand of enslavement (13)
 M - a wand of disintegration (29)
 R - a wand of polymorph (28)
Scrolls
 k - a scroll of magic mapping
 n - 2 scrolls of remove curse
 s - 2 scrolls of amnesia
 v - 4 scrolls of teleportation
 J - 2 scrolls of blinking
 O - 2 scrolls of identify
Potions
 d - 3 potions of flight
 g - 4 potions of brilliance
 i - 2 potions of haste {unknown}
 j - a potion of curing
 l - 2 potions of might {unknown}
 m - a potion of berserk rage {unknown}
 o - 4 potions of magic
 q - 2 potions of degeneration {unknown}
 r - 2 potions of resistance {unknown}
 z - 2 potions of lignification {unknown}
 A - a potion of heal wounds
 E - 2 potions of mutation {unknown}
 F - 2 potions of agility {unknown}
Comestibles
 f - 6 rations


   Skills:
 + Level 5.0(4.5) Fighting
 + Level 4.0(3.5) Polearms
 - Level 14.0(13.3) Bows
 * Level 4.9(4.4) Armour
 - Level 1.3(0.9) Dodging
 - Level 0.4(0.0) Stealth


You had 8 spell levels left.
You didn't know any spells.

Dungeon Overview and Level Annotations

Branches:
Dungeon (9/15)             Temple (1/1) D:5            Lair (0/6) D:8
    Orc: D:9-12

Altars:
Ashenzari
Cheibriados
Dithmenos
Elyvilon
Fedhas
Gozag
Hepliaklqana
Kikubaaqudgha
Makhleb
Nemelex Xobeh
Okawaru
Qazlal
Ru
Sif Muna
Trog
Uskayaw
Vehumet
Wu Jian
Xom
Yredelemnul
Zin
The Shining One

Shops:
D:4 *

Annotations:
D:1 exclusion: downstairs
D:9 Naru's ghost, novice HOFi


Innate Abilities, Weirdness & Mutations

You have hooves in place of feet.
Armour fits poorly on your strangely shaped body.
You cover ground very quickly.
You have extremely tough skin. (AC +3)


Message History

Naru's ghost hits you.
You hit Naru's ghost.
You kick Naru's ghost, but do no damage.
Naru's ghost is heavily damaged.
Naru's ghost barely misses you.
You closely miss Naru's ghost. Your kick misses Naru's ghost.
Naru's ghost is heavily damaged.
Naru's ghost hits you! x2
You hit Naru's ghost but do no damage.
Naru's ghost is heavily damaged.
Naru's ghost hits you.
You closely miss Naru's ghost.
Naru's ghost is heavily damaged.
Naru's ghost hits you!
You barely miss Naru's ghost.
Naru's ghost is heavily damaged.
Naru's ghost hits you!!
* * * LOW HITPOINT WARNING * * *
Naru's ghost hits you!
You die...

.. .# ... ...#
.... ...#
....######...#
.........#...#
..........(..#
.............#
.......@.....#
.......W.....#
........(....#
.......(.(...#
##########(..#
#...#...#
+...'...#
#...#..(#
#...#####


You could see Naru's ghost.

Vanquished Creatures
  Pikel (D:4)
  The ghost of Peloso the Slasher, a novice HaFi of Okawaru (D:6)
  A komodo dragon (D:8)
  Eustachio (D:4)
  2 orc warriors
  A black bear (D:6)
  A sky beast (D:7)
  4 ogres
  A phantom (D:5)
  A centaur (D:6)
  A crocodile (D:8)
  A big kobold (D:7)
  3 bullfrogs
  A jelly (D:5)
  A howler monkey (D:6)
  2 crimson imps
  A bullfrog zombie (D:7)
  An orc priest (D:5)
  2 centaur skeletons
  2 hounds
  A bullfrog skeleton (D:6)
  7 orc wizards
  Ijyb (D:4)
  Terence (D:3)
  4 worker ants
  A worker ant zombie (D:6)
  6 gnolls
  18 adders
  A shadow imp (D:7)
  3 oozes
  2 adder zombies
  7 worms
  3 dart slugs
  4 leopard geckos
  22 orcs
  4 ball pythons
  6 bats
  9 giant cockroaches
  6 goblins
  6 hobgoblins
  7 jackals
  11 kobolds
  3 quokkas
  8 frilled lizards
  10 rats
180 creatures vanquished.

Vanquished Creatures (others)
  An adder skeleton (D:5)
  A worm (D:4)
  A giant cockroach (D:5)
  2 plants
5 creatures vanquished.

Grand Total: 185 creatures vanquished

Notes
Turn   | Place    | Note
-------+----------+-------------------------------------------
     0 | D:1      | Kohma the Centaur Hunter began the quest for the Orb.
     0 | D:1      | Reached XP level 1. HP: 17/17 MP: 1/1
   116 | D:1      | Reached XP level 2. HP: 13/24 MP: 2/2
   131 | D:1      | Reached skill level 6 in Bows
   875 | D:2      | Reached XP level 3. HP: 29/29 MP: 3/3
  1049 | D:2      | Found a glowing silver altar of Zin.
  1090 | D:2      | Reached skill level 7 in Bows
  1301 | D:2      | Noticed an ogre
  1304 | D:2      | Killed an ogre
  1304 | D:2      | Reached skill level 8 in Bows
  1304 | D:2      | Reached XP level 4. HP: 24/36 MP: 4/4
  1304 | D:2      | Reached XP level 5. HP: 28/41 MP: 5/5
  2628 | D:3      | Noticed Terence
  2638 | D:3      | Killed Terence
  2638 | D:3      | Reached skill level 9 in Bows
  3381 | D:4      | Noticed Pikel
  3381 | D:4      | Noticed a slave
  3383 | D:4      | Noticed a slave
  3385 | D:4      | Noticed a slave
  3386 | D:4      | Noticed a slave
  3409 | D:4      | Killed Pikel
  3409 | D:4      | Reached skill level 11 in Bows
  3409 | D:4      | Reached XP level 6. HP: 37/48 MP: 6/6
  3409 | D:4      | Reached XP level 7. HP: 43/55 MP: 7/7
  3518 | D:4      | Reached skill level 12 in Bows
  3784 | D:4      | Found Cuynej's Assorted Antiques.
  3792 | D:4      | Bought a scroll labeled EVOUBB NE ZEMI for 27 gold pieces
  3792 | D:4      | Bought a scroll of magic mapping for 94 gold pieces
  3792 | D:4      | Bought a bubbling brown potion for 24 gold pieces
  4025 | D:4      | Noticed Ijyb
  4033 | D:4      | Killed Ijyb
  4146 | D:4      | Noticed Eustachio
  4158 | D:4      | Killed Eustachio
  4158 | D:4      | Reached XP level 8. HP: 33/61 MP: 8/8
  4306 | D:4      | Reached skill level 13 in Bows
  4595 | D:5      | Entered Level 5 of the Dungeon
  4600 | D:5      | Found a radiant altar of Vehumet.
  4722 | D:5      | Found a glowing drain.
  4730 | Sewer    | Entered a sewer
  5718 | D:5      | Reached skill level 14 in Bows
  5805 | D:5      | Found a staircase to the Ecumenical Temple.
  5832 | Temple   | Entered the Ecumenical Temple
  6070 | D:5      | Reached skill level 1 in Armour
  6429 | D:6      | Reached skill level 1 in Polearms
  6926 | D:6      | Noticed Peloso's ghost (novice HaFi)
  6983 | D:6      | Killed Peloso's ghost
  6983 | D:6      | Reached XP level 9. HP: 25/70 MP: 9/9
  8388 | D:7      | Found an iron altar of Okawaru.
  8395 | D:7      | Became a worshipper of Warmaster Okawaru
  8810 | D:8      | Found a sacrificial altar of Ru.
  8813 | D:8      | Found a glowing golden altar of the Shining One.
  9010 | D:8      | Found a staircase to the Lair.
  9010 | D:8      | Noticed a komodo dragon
  9022 | D:8      | Killed a komodo dragon
  9022 | D:8      | Reached skill level 5 in Fighting
  9609 | D:9      | Noticed Naru's ghost (novice HOFi)
  9644 | D:9      | Slain by Naru's ghost

Skill      XL: |  1  2  3  4  5  6  7  8  9 |
---------------+----------------------------+-----
Bows           | 6 8 11 12 14 | 14.0
Armour         | 3 4 |  4.9
Polearms       | 2 4 |  4.0
Fighting       | 3 5 |  5.0
Dodging        | |  1.3
Stealth        | |  0.4

Action                   |  1- 3 |  4- 6 |  7- 9 || total
-------------------------+-------+-------+-------++-------
Melee: Short sword       |    56 |     7 |       ||    63
       Kick              |     8 |     3 |    65 ||    76
       Trident           |       |       |   203 ||   203
 Fire: Shortbow          |    66 |   107 |   258 ||   431
  Use: Scroll            |       |     8 |    11 ||    19
 Stab: Sleeping          |       |       |     4 ||     4
       Distracted        |       |       |     2 ||     2
  Eat: Chunk             |       |     5 |    16 ||    21
       Ration            |       |       |     1 ||     1
Armor: Leather armour    |    69 |     6 |    64 ||   139
       Scale mail        |       |       |    30 ||    30
Dodge: Dodged            |    77 |    13 |    79 ||   169
Block: Other             |       |       |    27 ||    27
       Reflection        |       |       |     3 ||     3
